 Dungeon Crawl Stone Soup version 0.28.0-43-g3370ac3207 (webtiles) character file.

Game seed: 9406425456254206233

45377 pkoi the Stormcaller (level 14, -3/68 HPs)
             Began as a Spriggan Air Elementalist on Mar 21, 2022.
             Was a High Priest of Sif Muna.
             Slain by Urug
             ... wielding a +0 vorpal glaive
              (35 damage)
             ... on level 10 of the Dungeon.
             The game lasted 00:38:43 (35966 turns).

pkoi the Stormcaller (Spriggan Air Elementalist)   Turns: 35966, Time: 00:38:44

Health: -3/68      AC:  5    Str:  4    XL:     14   Next: 0%
Magic:  18/33      EV: 23    Int: 22    God:    Sif Muna [*****.]
Gold:   1115       SH:  0    Dex: 21    Spells: 30/41 levels left

rFire   . . .      SeeInvis +   A - staff of air
rCold   . . .      Faith    .   (shield currently unavailable)
rNeg    . . .      Spirit   .   a - +0 robe
rPois   +          Reflect  .   v - +1 hat
rElec   +          Harm     .   j - +1 cloak
rCorr   .          Rampage  .   (gloves unavailable)
Will    ++...                   (boots unavailable)
Stlth   ++++......              G - amulet of magic regeneration
HPRegen 0.21/turn               o - +6 ring of dexterity
MPRegen 0.63/turn               F - ring of poison resistance

@: very quick
A: very small, no large weapons, unfitting armour, see invisible, speed 3
a: Renounce Religion, Channel Magic, Forget Spell, Divine Exegesis


You were on level 10 of the Dungeon.
You worshipped Sif Muna.
Sif Muna was extremely pleased with you.
You visited 3 branches of the dungeon, and saw 17 of its levels.
You also visited: Ossuary.

You collected 1115 gold pieces.

Inventory:

Hand Weapons
 d - a +1 short sword of venom
 q - a +2 dagger of venom
Missiles
 C - a throwing net
Armour
 a - a +0 robe (worn)
 j - a +1 cloak (worn)
 v - a +1 hat (worn)
Magical Staves
 A - a staff of air (weapon)
Jewellery
 o - a +6 ring of dexterity (left hand)
 F - a ring of poison resistance (right hand)
 G - an amulet of magic regeneration (around neck)
 H - a ring of protection from cold
 I - a ring of willpower
Wands
 s - a wand of flame (63)
 u - a wand of charming (6)
 w - a wand of mindburst (29)
 B - a wand of polymorph (9)
 D - a wand of paralysis (4)
 E - a wand of acid (5)
Scrolls
 e - 9 scrolls of teleportation
 g - 2 scrolls of blinking
 h - 3 scrolls of amnesia
 i - a scroll of holy word
 k - 11 scrolls of identify
 l - a scroll of silence
 m - 2 scrolls of magic mapping
 p - 3 scrolls of fear
 t - 3 scrolls of fog
 y - 2 scrolls of enchant weapon
 L - a scroll of acquirement {unknown}
Potions
 b - 7 potions of heal wounds
 c - a potion of invisibility
 f - 15 potions of curing
 n - 2 potions of berserk rage
 r - a potion of brilliance
 x - 4 potions of magic
 z - 2 potions of haste
 J - 2 potions of lignification {unknown}
 K - a potion of degeneration {unknown}


   Skills:
 - Level 5.0 Fighting
 - Level 7.4 Dodging
 + Level 5.9 Stealth
 + Level 1.0 Unarmed Combat
 - Level 14.0 Spellcasting
 - Level 0.6 Conjurations
 + Level 1.0 Summonings
 + Level 1.9 Translocations
 + Level 17.0 Air Magic
 + Level 7.2 Invocations


You had 30 spell levels left.
You knew the following spells:

 Your Spells              Type           Power      Damage    Failure   Level
a - Shock                 Conj/Air       100%       1d9       1%          1
b - Airstrike             Air            47%        N/A       1%          4
c - Summon Lightning Spi  Summ/Air       70%        N/A       1%          4
d - Blink                 Tloc           46%        N/A       2%          2

Your spell library contained the following spells:

 Spells                   Type           Power      Damage    Failure   Level
 Swiftness                Air            94%        N/A       0%          3
 Static Discharge         Conj/Air       69%        N/A       1%          2
 Summon Small Mammal      Summ           76%        N/A       2%          1
 Animate Skeleton         Necr           30%        N/A       4%          1
 Pain                     Necr           60%        1d7       4%          1
 Lesser Beckoning         Tloc           23%        N/A       5%          3
 Scorch                   Fire           30%        2d7       6%          2
 Call Canine Familiar     Summ           19%        N/A       8%          3
 Summon Guardian Golem    Hex/Summ       17%        N/A       10%         3
 Vampiric Draining        Necr           15%        2d7       12%         3
 Maxwell's Capacitive Co  Air            47%        ∞         24%         8
 Animate Armour           Summ/Erth      34%        N/A       32%         4
 Flame Wave               Conj/Fire      16%        2d6       34%         4
 Manifold Assault         Tloc           23%        N/A       45%         5
 Storm Form               Tmut/Air       34%        N/A       71%         7
 Blade Hands              Tmut           7%         N/A       73%         5
 Iron Shot                Conj/Erth      8%         9d3       99%         6
 Summon Cactus Giant      Summ           9%         N/A       99%         6


Dungeon Overview and Level Annotations

Branches:
Dungeon (10/15)            Temple (1/1) D:5            Lair (6/6) D:8
  Swamp (0/4) Lair:4        Snake (0/4) Lair:2        Slime (0/5) Lair:6
Ossuary (visited)
    Orc: D:9-12

Altars:
Ashenzari
Cheibriados
Dithmenos
Elyvilon
Fedhas
Gozag
Hepliaklqana
Kikubaaqudgha
Makhleb
Nemelex Xobeh
Okawaru
Qazlal
Ru
Sif Muna
Trog
Uskayaw
Vehumet
Wu Jian
Xom
Yredelemnul
Zin
The Shining One
Jiyva

Shops:
D:3 [   D:8 =

Annotations:
D:10 Urug
Lair:2 1 runed translucent door, Elebi's ghost, journeyman DrTm


Innate Abilities, Weirdness & Mutations

You are very small and have problems with some larger weapons.
You are too small for most types of armour.
You have supernaturally acute eyesight. (SInv)
You cover ground extremely quickly. (Speed+++)


Message History

There is a stone staircase leading down here.
You climb downwards.
There is a stone staircase leading up here.
Unknown command.
Found 22 arrows.
You see here 22 arrows.
s - a wand of flame (63) (gained 11 charges) Urug the Orcish Ballista comes into view.
She is wielding a +0 vorpal glaive.
Found a potion of curing and 11 gold pieces.
Urug is nearby!
Casting: Airstrike (safe; 1% risk of failure)
Confirm with . or Enter, or press ? or * to list all spells.
You don't know that spell.
Unknown command.
Casting: Airstrike (safe; 1% risk of failure)
Confirm with . or Enter, or press ? or * to list all spells.
You feel a surge of power!
An electric hum fills the air.
Urug shouts!
You hear a shout!
You feel a surge of power!
The air twists around and strikes Urug!
Urug is lightly wounded.
You can't see any susceptible monsters within range! (Use Z to cast anyway.)
You can't see any susceptible monsters within range! (Use Z to cast anyway.)
You start resting.
Urug is nearby!
You feel a surge of power!
The air twists around and strikes Urug!
Urug is moderately wounded.
Urug completely misses you.
You feel a surge of power!
The air twists around and strikes Urug.
Urug is moderately wounded.
Urug howls with blood-lust.
Urug hits you from afar with a +0 vorpal glaive!!
* * * LOW HITPOINT WARNING * * *
x2 You are too injured to fight recklessly!
Unknown command.
Casting: Airstrike (safe; 1% risk of failure)
Confirm with . or Enter, or press ? or * to list all spells.
You feel a surge of power!
An electric hum fills the air.
Urug hits you from afar with a +0 vorpal glaive!!
Ouch! That really hurt!
You die...

.. .# .. #### .#
#..#
.....#####.#$...#
...!.8...........
#.#.# ##+ ####o#.#
...##.#..#.#####.#
##..#.#.@........#
.........(#######
.......8..#
#..#.#....#
#..#......#
#.........#
#.##.#....# #
#.#.#### #.#.#


You could see Urug (ally target) and a friendly lightning spire (summoned).

Vanquished Creatures
  Harold (D:8)
  3 hydras
  A merfolk avatar (Lair:6)
  A two-headed ogre (D:9)
  15 death yaks
  2 sea snakes (Lair:6)
  3 harpies (Lair:6)
  A manticore (Lair:6)
  An elephant (Lair:5)
  5 black mambas
  14 cane toads
  2 torpor snails
  10 komodo dragons
  A rime drake (Lair:6)
  2 polar bears
  27 blink frogs
  2 hornets (Lair:2)
  2 wind drakes (Lair:6)
  4 dream sheep (Lair:4)
  3 wyverns
  2 wraiths (Ossuary)
  49 yaks
  3 basilisks
  Grum (D:9)
  A steam dragon (D:9)
  8 water moccasins
  A sky beast (D:6)
  5 black bears
  3 orc warriors
  2 necrophages
  6 wolves
  An ogre (D:7)
  2 centaurs (D:8)
  2 phantoms
  3 kobold brigands
  Blork the orc (D:6)
  16 bullfrogs
  2 scorpions
  8 killer bees
  6 wights
  3 howler monkeys
  A vampire bat (D:6)
  2 electric eels (Lair:2)
  A jelly (D:8)
  Crazy Yiuf (D:4)
  2 centaur zombies
  A gnoll shaman (D:8)
  3 orc priests
  A hound (D:5)
  2 bullfrog skeletons
  A centaur skeleton (D:7)
  3 iguanas
  6 orc wizards
  Jessica (D:2)
  A scorpion zombie (D:5)
  A killer bee zombie (D:6)
  A howler monkey zombie (D:9)
  4 gnolls (D:8)
  13 adders
  2 white imps
  2 ufetubi
  2 adder skeletons (D:4)
  3 worms (D:2)
  2 dart slugs
  16 orcs
  16 ball pythons
  11 bats
  4 endoplasms
  2 giant cockroaches
  11 goblins
  8 hobgoblins
  2 quokkas
  A ball python skeleton (Ossuary)
  5 frilled lizards
  A hobgoblin skeleton (Ossuary)
  A hobgoblin zombie (Ossuary)
  23 kobolds
  A kobold zombie (Ossuary)
  2 orc zombies (Ossuary)
  3 rats
388 creatures vanquished.

Vanquished Creatures (collateral kills)
  A yak (Lair:6)
1 creature vanquished.

Vanquished Creatures (others)
  91 fungi
  129 plants
  7 withered plants (D:1)
227 creatures vanquished.

Grand Total: 616 creatures vanquished

Notes
Turn   | Place    | Note
-------+----------+-------------------------------------------
     0 | D:1      | pkoi the Spriggan Air Elementalist began the quest for the
                  | Orb.
     0 | D:1      | Reached XP level 1. HP: 9/9 MP: 5/5
   550 | D:1      | Found a faded altar of an unknown god.
   586 | D:1      | Reached XP level 2. HP: 13/13 MP: 3/6
   653 | D:1      | Reached skill level 3 in Air Magic
  1430 | D:2      | Reached XP level 3. HP: 16/16 MP: 2/8
  1911 | D:2      | Noticed Jessica
  1917 | D:2      | Killed Jessica
  2155 | D:2      | Reached XP level 4. HP: 21/21 MP: 0/10
  3301 | D:3      | Reached skill level 1 in Fighting
  3475 | D:3      | Learned a level 4 spell: Airstrike
  3628 | D:3      | Found Tifror's Armour Boutique.
  3861 | D:3      | Reached XP level 5. HP: 23/25 MP: 3/11
  4820 | D:4      | Reached skill level 4 in Air Magic
  5167 | D:4      | Reached skill level 5 in Stealth
  5344 | D:4      | Found a runed translucent door.
  5345 | D:4      | Noticed Crazy Yiuf
  5631 | D:4      | Killed Crazy Yiuf
  5632 | D:4      | Reached XP level 6. HP: 30/30 MP: 11/13
  5671 | D:5      | Entered Level 5 of the Dungeon
  5869 | D:5      | Found a staircase to the Ecumenical Temple.
  5946 | Temple   | Entered the Ecumenical Temple
  5991 | Temple   | Became a worshipper of Sif Muna the Loreminder
  7228 | D:5      | Reached skill level 5 in Air Magic
  7893 | D:6      | Reached XP level 7. HP: 28/35 MP: 10/15
  8564 | D:5      | Reached skill level 5 in Spellcasting
  9012 | D:6      | Reached skill level 6 in Air Magic
  9072 | D:6      | Reached * piety under Sif Muna
  9123 | D:6      | Noticed Blork the orc
  9138 | D:6      | Killed Blork the orc
  9139 | D:6      | Reached XP level 8. HP: 17/40 MP: 10/17
  9676 | D:6      | Reached skill level 7 in Air Magic
 11286 | D:7      | Found a sand-covered staircase.
 11291 | Ossuary  | Entered an ossuary
 11591 | Ossuary  | Noticed a flying skull
 11723 | Ossuary  | Noticed a flying skull
 11724 | Ossuary  | Noticed a flying skull
 11825 | Ossuary  | Reached skill level 8 in Air Magic
 12027 | Ossuary  | Reached XP level 9. HP: 44/44 MP: 12/21
 12832 | D:7      | Reached skill level 9 in Air Magic
 13929 | D:8      | Noticed Harold
 14920 | D:8      | Reached skill level 10 in Air Magic
 14920 | D:8      | Reached ** piety under Sif Muna
 15304 | D:8      | Found Seuth's Jewellery Shop.
 15717 | D:8      | Found a staircase to the Lair.
 15997 | D:8      | Killed Harold
 15998 | D:8      | Reached XP level 10. HP: 8/49 MP: 8/24
 16675 | D:8      | Found a white marble altar of Elyvilon.
 16772 | D:8      | Reached skill level 10 in Spellcasting
 16973 | D:8      | Reached skill level 11 in Air Magic
 18174 | D:9      | Noticed Grum
 18671 | D:9      | Killed Grum
 18953 | D:9      | Noticed a two-headed ogre
 19252 | D:9      | Killed a two-headed ogre
 19526 | Lair:1   | Entered Level 1 of the Lair of Beasts
 19704 | Lair:1   | Noticed a cane toad
 19708 | Lair:1   | Killed a cane toad
 19709 | Lair:1   | Reached skill level 12 in Air Magic
 20111 | Lair:1   | Reached *** piety under Sif Muna
 20610 | Lair:1   | Reached XP level 11. HP: 52/52 MP: 14/27
 21643 | Lair:1   | Reached skill level 13 in Air Magic
 24252 | Lair:2   | Found a staircase to the Snake Pit.
 24332 | Lair:2   | Found a runed translucent door.
 24333 | Lair:2   | Found a shimmering altar of Xom.
 24333 | Lair:2   | Noticed Elebi's ghost (journeyman DrTm)
 24334 | Lair:2   | Noticed a +0 rapier of chaos
 24448 | Lair:2   | Noticed a four-headed hydra
 24453 | Lair:2   | Killed a four-headed hydra
 24454 | Lair:2   | Reached skill level 14 in Air Magic
 24955 | Lair:2   | Reached **** piety under Sif Muna
 25502 | Lair:2   | Reached XP level 12. HP: 39/56 MP: 18/30
 26226 | Lair:3   | Noticed a death yak
 26227 | Lair:3   | Noticed a death yak
 26232 | Lair:3   | Noticed a death yak
 26406 | Lair:3   | Noticed a death yak
 27021 | Lair:3   | Noticed a death yak
 27024 | Lair:3   | Noticed a death yak
 27025 | Lair:3   | Noticed a death yak
 27027 | Lair:3   | Noticed a death yak
 27027 | Lair:3   | Noticed a death yak
 27039 | Lair:3   | Killed a death yak
 27597 | Lair:3   | Killed a death yak
 27764 | Lair:2   | Killed a death yak
 27765 | Lair:2   | Reached skill level 15 in Air Magic
 28535 | Lair:2   | Killed a death yak
 28718 | Lair:2   | Killed a death yak
 28719 | Lair:2   | Reached skill level 1 in Invocations
 28968 | Lair:2   | Killed a death yak
 29252 | Lair:2   | Killed a death yak
 29629 | Lair:3   | Killed a death yak
 29872 | Lair:3   | Killed a death yak
 30162 | Lair:4   | Found a staircase to the Swamp.
 30687 | Lair:4   | Reached skill level 16 in Air Magic
 31685 | Lair:5   | Reached XP level 13. HP: 60/60 MP: 23/32
 32345 | Lair:5   | Reached skill level 5 in Invocations
 33121 | Lair:6   | Entered Level 6 of the Lair of Beasts
 33357 | Lair:5   | Reached skill level 5 in Dodging
 34010 | Lair:6   | Reached ***** piety under Sif Muna
 34215 | Lair:6   | HP: 2/63 [boulder beetle (54)]
 34863 | Lair:6   | Received a gift from Sif Muna
 34864 | Lair:6   | Reached skill level 5 in Fighting
 35017 | Lair:5   | Learned a level 4 spell: Summon Lightning Spire
 35020 | Lair:5   | Learned a level 2 spell: Blink
 35101 | Lair:6   | Reached skill level 1 in Translocations
 35673 | Lair:6   | Found a viscous altar of Jiyva.
 35674 | Lair:6   | Found a staircase to the Slime Pits.
 35762 | Lair:6   | Reached skill level 1 in Summonings
 35762 | Lair:6   | Reached skill level 17 in Air Magic
 35762 | Lair:6   | Reached XP level 14. HP: 68/68 MP: 22/33
 35774 | Lair:6   | Reached skill level 1 in Unarmed Combat
 35929 | D:10     | Entered Level 10 of the Dungeon
 35950 | D:10     | Noticed Urug
 35966 | D:10     | Slain by Urug

Illustrated notes

Levels and vault maps discovered:
D:1:      dpeg_arrival_tiny_a, layout_loops_cross,
          shapermc_ecumenical_altar_flowoftime
D:2:      layout_loops_ring, minmay_misc_feat_pillars, uniq_jessica
D:3:      layout_loops_ring, serial_shops, shop, chequers_serial_rivers_room_a
D:4:      layout_rooms, minivault_11, uniq_crazy_yiuf_cottage
D:5:      layout_basic, minmay_temple_entry_purple_smoke
D:6:      layout_loops_corners, roderic_batcave, uniq_blork_the_orc
D:7:      layout_loops_ring, enter_ossuary_5, enter_bailey_3
D:8:      layout_cave_pools, kennysheep_mini_moat, due_lair_maze_entry_diamond,
          serial_shops, shop_statue, uniq_harold
D:9:      layout_basic, uniq_grum
D:10:     layout_basic, uniq_urug, uniq_maurice
Temple:   mainiacjoe_temple_circle_huts
Lair:1:   layout_chaotic_city, lemuel_fruit_fields, grunt_megastairs_5,
          lemuel_fruit_tree
Lair:2:   minmay_lair_venomous_thicket, layout_chaotic_city, dummy_snake_entry,
          ebering_ghost_xom, cheibrodos_lair_caveside_slide,
          serial_bayou_shore_b, infiniplex_staircase_pool, grunt_megastairs_2,
          lemuel_fruit_fields
Lair:3:   layout_big_grid, gammafunk_lair_bear_cave
Lair:4:   layout_hall_layers, swamp_mist_pool
Lair:5:   layout_roguey, lemuel_old_faithful
Lair:6:   gammafunk_lair_ancient_temple, layout_regular_city,
          dpeg_slime_entry_enclosed_altar, enter_volcano_2

Skill      XL: |  1  2  3  4  5  6  7  8  9 10 11 12 13 14 |
---------------+-------------------------------------------+-----
Dodging        | 3 4 7 |  7.4
Air Magic      | 3 4 5 6 8 10 12 14 16 17 | 17.0
Spellcasting   | 3 4 5 7 9 11 13 14 | 14.0
Stealth        | 4 5 |  5.9
Fighting       | 1 2 3 5 |  5.0
Invocations    | 4 7 |  7.2
Translocations | 1 |  1.9
Summonings     | 1 |  1.0
Unarmed Combat | 1 |  1.0
Conjurations   | |  0.6

Action                   |  1- 3 |  4- 6 |  7- 9 | 10-12 | 13-15 || total
-------------------------+-------+-------+-------+-------+-------++-------
Melee: Short sword       |    14 |     1 |       |       |       ||    15
       Dagger            |       |    14 |    35 |    14 |       ||    63
       Staff             |       |       |     3 |     4 |       ||     7
       Punch             |       |       |       |     1 |       ||     1
 Cast: Shock             |    86 |   197 |   143 |       |       ||   426
       Airstrike         |       |       |    93 |   403 |   232 ||   728
       Summon Lightning  |       |       |       |       |     3 ||     3
  Use: Scroll            |     5 |       |     7 |    12 |     1 ||    25
 Stab: Sleeping          |       |     1 |     1 |     1 |       ||     3
Armor: Robe              |     1 |     9 |     9 |     3 |     2 ||    24
Dodge: Dodged            |    13 |    65 |   107 |    59 |    23 ||   267
